 Dungeon Crawl Stone Soup version 0.30.0-7-g0c4daa9e05 (webtiles) character file.

Game seed: 11270686234137169286

3084 Foic the Grappler (level 9, -2/88 HPs)
             Began as a Troll Fighter on May 13, 2023.
             Slain by a vampire (12 damage)
             ... on level 9 of the Dungeon.
             The game lasted 00:27:35 (6915 turns).

Foic the Grappler (Troll Fighter)                   Turns: 6915, Time: 00:27:35

Health: -2/88      AC:  8    Str: 28    XL:     9   Next: 58%
Magic:  8/8        EV: 10    Int:  2    God:
Gold:   477        SH:  0    Dex: 11    Spells: 8/8 levels left

rFire   . .          .
                       - Unarmed
rCold   . . .        b - +0 kite shield
rNeg    . . .        c - +0 troll leather armour
rPois   +            (helmet restricted)
rElec   .            D - +0 cloak
rCorr   .            (gloves unavailable)
SInv    .            (boots unavailable)
Will    +....        j - amulet of the acrobat
Stlth   +            o - ring of willpower
HPRegen 1.94/turn    z - ring of poison resistance
MPRegen 0.11/turn

%: acrobat
@: confused, brilliant, attractive
A: large, unfitting armour, claws 3, regeneration 1, shaggy fur 2, tough skin 1,
dopey 1
a: no special abilities


You were on level 9 of the Dungeon.
You visited 2 branches of the dungeon, and saw 10 of its levels.

You collected 477 gold pieces.

Inventory:

Missiles
 d - 5 javelins
 e - 96 stones
 q - a poisoned dart (quivered)
 s - 3 boomerangs
 E - a throwing net
Armour
 b - a +0 kite shield (worn)
 c - a +0 troll leather armour (worn)
 l - +0 steam dragon scales
 C - a +0 robe of positive energy
 D - a +0 cloak (worn)
Jewellery
 h - an amulet of faith
 j - an amulet of the acrobat (around neck)
 o - a ring of willpower (left claw)
 z - a ring of poison resistance (right claw)
Wands
 k - a wand of flame (27)
 p - a wand of roots (6)
Scrolls
 i - 4 scrolls of identify
 n - a scroll of enchant weapon
 t - a scroll of vulnerability
 u - 2 scrolls of fear
 x - 4 scrolls of teleportation {unknown}
 y - a scroll of fog {unknown}
 A - a scroll of blinking {unknown}
Potions
 g - a potion of haste
 m - 2 potions of curing
 r - 2 potions of brilliance
 w - 3 potions of attraction
 B - a potion of mutation


   Skills:
 * Level 5.4 Fighting
 + Level 3.5 Throwing
 + Level 4.7 Dodging
 + Level 5.4 Shields
 + Level 9.2 Unarmed Combat


You had 8 spell levels left.
You didn't know any spells.
Your spell library contained the following spells:

 Spells                   Type           Power      Damage    Failure   Level
 Apportation              Tloc           0%         N/A       80%         1
 Blink                    Tloc           0%         N/A       91%         2
 Lesser Beckoning         Tloc           0%         N/A       91%         2
 Momentum Strike          Conj/Tloc      0%         3d8       91%         2
 Poisonous Vapours        Pois/Air       0%         N/A       91%         2
 Dazzling Flash           Conj/Hex       0%         N/A       99%         3
 Hailstorm                Conj/Ice       0%         3d3       99%         3
 Mephitic Cloud           Conj/Pois/Air  0%         N/A       99%         3
 Summon Guardian Golem    Hex/Summ       0%         N/A       99%         3
 Volatile Blastmotes      Fire/Tloc      0%         2d10      99%         3
 Ice Form                 Ice/Tmut       0%         N/A       100%        4
 Iskenderun's Mystic Bla  Conj/Tloc      0%         2d3       100%        4
 Alistair's Intoxication  Tmut/Pois      0%         N/A       100%        5
 Freezing Cloud           Conj/Ice/Air   0%         6-21      100%        5
 Simulacrum               Ice/Necr       0%         N/A       100%        6
 Starburst                Conj/Fire      0%         6d3       100%        6
 Orb of Destruction       Conj           0%         9d5       100%        7
 Spellforged Servitor     Conj/Summ      0%         N/A       100%        7


Dungeon Overview and Level Annotations

Branches:
Dungeon (9/15)             Temple (1/1) D:6
   Lair: D:8-11         Orc: D:9-12

Altars:
Ashenzari
Cheibriados
Dithmenos
Elyvilon
Fedhas
Gozag
Hepliaklqana
Kikubaaqudgha
Makhleb
Nemelex Xobeh
Ru
Sif Muna
Trog
Uskayaw
Vehumet
Wu Jian
Xom
The Shining One

Shops:
D:6 **   D:9 [


Innate Abilities, Weirdness & Mutations

You are too large for most types of armour.
You have claws for hands.
Your natural rate of healing is unusually fast.
You are covered in thick fur. (AC +2)
You have tough skin. (AC +1)
You are dopey. (Int -2)


Message History

The vampire bites you but does no damage.
You barely miss the vampire.
The vampire is severely damaged.
The vampire draws life force from you!!
The vampire is healed by the life force!
You mangle the vampire!!
The vampire is almost destroyed.
The vampire barely misses you. The vampire bites you.
The vampire draws strength from your injuries!
Throw: 3 darts (poison)
Press: ? - help, Q - select action, (/) - cycle Shift-Dir - straight line, f - vampire
Aim: a vampire (almost destroyed, 59% to hit)
You throw a poisoned dart.
The poisoned dart closely misses the vampire.
Throw: 2 darts (poison)
Press: ? - help, Q - select action, (/) - cycle Shift-Dir - straight line, f/p - vampire
Aim: a vampire (almost destroyed, 59% to hit)
You throw a poisoned dart. The poisoned dart hits the vampire.
The vampire is almost destroyed.
The vampire casts a spell.
The vampire flickers and vanishes!
Deactivating autopickup; reactivate with Ctrl-A.
You closely miss something. Something hits you! Something bites you.
* * * LOW HITPOINT WARNING * * *
Something draws strength from your injuries!
You scratch something.
You hear some strange, mumbled words.
You are confused.
You bump into the rock wall.
Something hits you. Something bites you.
* * * LOW HITPOINT WARNING * * *
Something draws strength from your injuries!
Okay, then.
You are too confused!
Something hits you!
* * * LOW HITPOINT WARNING * * *
Something bites you.
* * * LOW HITPOINT WARNING * * *
Something draws strength from your injuries!
You barely miss something. Something hits you!
You die...

. #.###.# #...
....##.#..###.##
(.........p.....
(...###.##p##.## ....#
#.##p.....
...###.##o..... ####
...[####.l.....
#<.##...# #.......
#^.@#...# #.<.....
##..#...#+ ##.†#####
###)....###..######
#......(..............
.........♣.......######
##...............######
#.####.....###........
# .#...# ##.###### .
...# #.#


There were no monsters in sight!

Vanquished Creatures
  Joseph (D:8)
  Maggie (D:8)
  A troll (D:9)
  2 black bears
  2 orc warriors
  An ogre (D:4)
  3 centaurs
  A phantom (D:4)
  A bullfrog (D:7)
  A gnoll sergeant (D:6)
  A kobold brigand (D:7)
  Blork the orc (D:6)
  5 wights (D:7)
  A howler monkey (D:8)
  Crazy Yiuf (D:7)
  2 gnoll boudas
  4 orc priests
  3 jellies
  A sleepcap (D:7)
  2 iguanas
  Jessica (D:3)
  8 orc wizards
  14 gnolls
  5 adders
  A shadow imp (D:8)
  2 white imps (D:7)
  3 dart slugs
  25 orcs
  6 ball pythons
  5 endoplasms
  5 giant cockroaches
  10 goblins
  9 hobgoblins
  6 jackals
  19 kobolds
  7 quokkas
  5 bats
  2 frilled lizards (D:1)
  5 rats
173 creatures vanquished.

Notes
Turn   | Place    | Note
-------+----------+-------------------------------------------
     0 | D:1      | Foic the Troll Fighter began the quest for the Orb.
     0 | D:1      | Reached XP level 1. HP: 22/22 MP: 0/0
   223 | D:1      | Reached XP level 2. HP: 29/29 MP: 1/1
   821 | D:2      | Reached XP level 3. HP: 36/36 MP: 2/2
  1196 | D:2      | Found a faded altar of an unknown god.
  1837 | D:3      | Noticed Jessica
  1842 | D:3      | Reached XP level 4. HP: 44/44 MP: 3/3
  1844 | D:3      | Killed Jessica
  1845 | D:3      | Reached skill level 3 in Unarmed Combat
  2024 | D:3      | Found a shimmering altar of Xom.
  2220 | D:3      | Found a white marble altar of Elyvilon.
  2319 | D:4      | Reached XP level 5. HP: 50/53 MP: 4/4
  2370 | D:4      | Reached skill level 4 in Unarmed Combat
  2680 | D:4      | Noticed an ogre
  2687 | D:4      | Killed an ogre
  2688 | D:4      | Reached XP level 6. HP: 61/61 MP: 5/5
  2809 | D:4      | Found a broken altar of Ashenzari.
  2813 | D:4      | Saw a vision of the Swamp and the Snake Pit.
  2813 | D:4      | Noticed a naga
  2813 | D:4      | Noticed a bunyip
  2813 | D:4      | Noticed an eleionoma
  2813 | D:4      | Noticed a bog body
  2813 | D:4      | Noticed an alligator
  2813 | D:4      | Noticed a tyrant leech
  2813 | D:4      | Noticed a bloated husk
  2813 | D:4      | Noticed a black mamba
  2814 | D:4      | Noticed a naga mage
  2814 | D:4      | Noticed a black mamba
  2814 | D:4      | Noticed a bog body
  2815 | D:4      | Noticed a black mamba
  2980 | D:4      | Reached skill level 1 in Throwing
  3126 | D:5      | Entered Level 5 of the Dungeon
  3149 | D:5      | Reached skill level 5 in Unarmed Combat
  3149 | D:5      | Reached XP level 7. HP: 66/67 MP: 6/6
  3160 | D:5      | You fall into a shaft and drop 1 floor!
  3160 | D:6      | Found a staircase to the Ecumenical Temple.
  3180 | Temple   | Entered the Ecumenical Temple
  3688 | D:6      | Found Wuinuhy's Elemental Accessories.
  3791 | D:6      | Noticed Blork the orc
  3808 | D:6      | Killed Blork the orc
  4068 | D:6      | Reached skill level 6 in Unarmed Combat
  4178 | D:6      | Found Nest's Mayhem Merchandise.
  4498 | D:7      | Reached XP level 8. HP: 62/78 MP: 7/7
  4981 | D:7      | Reached skill level 7 in Unarmed Combat
  5250 | D:7      | Found a runed translucent door.
  5251 | D:7      | Noticed Crazy Yiuf
  5257 | D:7      | Killed Crazy Yiuf
  5669 | D:8      | Noticed Joseph
  5685 | D:8      | Killed Joseph
  5686 | D:8      | Reached skill level 5 in Shields
  5686 | D:8      | Reached skill level 8 in Unarmed Combat
  5686 | D:8      | Reached XP level 9. HP: 71/87 MP: 8/8
  5885 | D:8      | Noticed Maggie
  5896 | D:8      | Killed Maggie
  5897 | D:8      | Reached skill level 5 in Fighting
  6425 | D:8      | Found a bloodstained altar of Trog.
  6625 | D:9      | Found Xirugeycs's Antique Armour Shoppe.
  6750 | D:9      | Noticed a troll
  6761 | D:9      | Killed a troll
  6762 | D:9      | Reached skill level 9 in Unarmed Combat
  6815 | D:9      | Noticed a komodo dragon
  6901 | D:9      | Gained mutation: You are dopey. (Int -2) [potion of
                  | mutation]
  6901 | D:9      | Gained mutation: You are covered in thick fur. (AC +2)
                  | [potion of mutation]
  6915 | D:9      | Slain by a vampire

Illustrated notes

Levels and vault maps discovered:
D:1:      evilmike_arrival_rings, layout_loops_ring, minmay_parallelograms
D:2:      minmay_alternating_diamond, layout_loops_corners,
          shapermc_ecumenical_altar_notcrosses, minmay_misc_feat_x,
          amcnicky_mini_pool_small, chequers_serial_rivers_room_b
D:3:      layout_rooms, mainiacjoe_overflow_chevrons, xom_teletrap_fun,
          uniq_jessica
D:4:      minmay_chambers_of_twos, layout_loops_ring, grunt_ashenzari_visionary
          [grunt_ashenzari_visionary_swamp, grunt_ashenzari_visionary_snake]
D:5:      layout_basic, uniq_edmund, uniq_grinder
D:6:      layout_loops_ring, minmay_temple_entry_slanted, minmay_shop_mayhem,
          nicolae_elemental_shop, uniq_blork_the_orc
D:7:      layout_basic, uniq_crazy_yiuf_cottage
D:8:      layout_loops_corners, trog_hazing_becter, grunt_ministairs_7,
          grunt_decor_resistance, serial_bayou_pond_c, uniq_maggie, uniq_joseph
D:9:      layout_loops_ring, chequers_temple_overflow_minitemple,
          gammafunk_ghost_grave, serial_shops, kennysheep_mini,
          nicolae_stop_n_shop_1, grunt_ministairs_6, minmay_ruffians
Temple:   dpeg_chambers_temple

Skill      XL: |  1  2  3  4  5  6  7  8  9 |
---------------+----------------------------+-----
Shields        | 3 4 5 |  5.4
Dodging        | 3 4 |  4.7
Unarmed Combat | 3 4 5 6 8 9 |  9.2
Fighting       | 3 4 5 |  5.4
Throwing       | 1 2 3 |  3.5

Action                     |  1- 3 |  4- 6 |  7- 9 || total
---------------------------+-------+-------+-------++-------
  Melee: Unarmed           |   119 |   121 |   268 ||   508
  Throw: Boomerang         |       |     4 |    24 ||    28
         Stone             |       |     2 |    11 ||    13
         Javelin           |       |       |     5 ||     5
         Dart              |       |       |     9 ||     9
    Use: Scroll            |       |       |     5 ||     5
         Potion            |       |       |    10 ||    10
   Stab: Sleeping          |     1 |       |       ||     1
 Armour: Robe              |    36 |    30 |    20 ||    86
         Steam dragon scal |       |       |    18 ||    18
         Troll leather arm |       |       |     5 ||     5
  Dodge: Dodged            |    39 |    54 |   104 ||   197
  Block: Kite shield       |    39 |    48 |    90 ||   177
